 Dungeon Crawl Stone Soup version 0.26-a0-812-g31a745ddcd (webtiles) character file.

Game seed: 8818007415874180119

2811 tzalcoatl the Conjurer (level 9, -11/68 (71) HPs)
             Began as a White Draconian Air Elementalist on Nov 13, 2020.
             Was a Follower of Vehumet.
             Succumbed to a death drake's dark miasma
             ... on level 9 of the Dungeon.
             The game lasted 01:34:20 (12931 turns).

tzalcoatl the Conjurer (DrAE)                      Turns: 12931, Time: 01:34:21

HP:   -11/68 (71)   AC: 10    Str: 12    XL:     9   Next: 44%
MP:   15/15         EV: 14    Int: 18    God:    Vehumet [*.....]
Gold: 487           SH:  4    Dex: 17    Spells: 0/16 levels left

rFire    . . .     SeeInvis .   a - +2 falchion (protect)
rCold    + . .     Faith    .   C - +0 buckler
rNeg     . . .     Spirit   .   (armour unavailable)
rPois    .         Reflect  .   (helmet restricted)
rElec    .         Harm     .   t - +1 cloak {MR+}
rCorr    .         Rampage  .   (no gloves)
MR       +....                  p - +0 pair of boots
Stlth    +++.......             (no amulet)
HPRegen  0.00/turn              n - ring of flight
MPRegen  0.14/turn              B - +6 ring of dexterity

@: lethally poisoned (-11 -> -135), short of breath, flying, non-regenerating,
badly diseased, slowed, very slow
A: breathe frost, unfitting armour, cold resistance 1, cold-blooded, AC +7
a: Breathe Frost, Renounce Religion


You were on level 9 of the Dungeon.
You worshipped Vehumet.
Vehumet was aware of your devotion.
You visited 1 branch of the dungeon, and saw 9 of its levels.

You collected 697 gold pieces.
You spent 210 gold pieces at shops.

Inventory:

Hand Weapons
 a - a +2 falchion of protection (weapon)
Missiles
 m - 14 poisoned darts (quivered)
 x - a throwing net
Armour
 p - a +0 pair of boots (worn)
 t - a +1 cloak of magic resistance (worn)
 C - a +0 buckler (worn)
Magical Staves
 b - an uncursed staff of cold
Jewellery
 n - a ring of flight (left hand)
 B - a +6 ring of dexterity (right hand)
Wands
 g - a wand of acid (7)
 l - a wand of flame (10)
 y - a wand of paralysis (10)
Scrolls
 d - 6 scrolls of teleportation
 f - 3 scrolls of remove curse
 i - 3 scrolls of immolation
 j - a scroll of silence {unknown}
 q - a scroll of magic mapping
 u - 2 scrolls of amnesia
 v - a scroll of random uselessness {unknown}
 A - a scroll of torment {unknown}
Potions
 c - a potion of curing {unknown}
 e - 2 potions of brilliance
 k - a potion of lignification
 o - a potion of haste


   Skills:
 - Level 4.0 Fighting
 * Level 3.4 Long Blades
 - Level 5.1 Dodging
 - Level 5.0 Stealth
 * Level 0.2 Shields
 - Level 4.0 Spellcasting
 - Level 6.4 Conjurations
 * Level 1.0 Ice Magic
 - Level 6.0 Air Magic
 + Level 1.8 Evocations


You couldn't memorise any spells.
You knew the following spells:

 Your Spells              Type           Power        Failure   Level
a - Shock                 Conj/Air       ####         1%          1
b - Static Discharge      Conj/Air       ####....     5%          3
c - Swiftness             Air            ####....     3%          2
d - Ozocubu's Armour      Ice            #.......     43%         3
e - Freeze                Ice            #...         16%         1
f - Hailstorm             Conj/Ice       ###.....     45%         4
g - Foxfire               Conj/Fire      ###.         6%          1
h - Apportation           Tloc           #.....       24%         1

Your spell library contained the following spells:

 Spells                   Type           Power        Failure   Level
 Stone Arrow              Conj/Erth      ###...       19%         3
 Airstrike                Air            ####......   21%         4
 Sandblast                Erth           #.....       24%         1
 Passwall                 Tmut/Erth      #.......     34%         2
 Frozen Ramparts          Ice            #.....       43%         3
 Lightning Bolt           Conj/Air       ####......   45%         5
 Lesser Beckoning         Tloc           #.........   56%         3
 Tukima's Dance           Hex            #.......     56%         3
 Summon Ice Beast         Ice/Summ       #.......     88%         4
 Petrify                  Tmut/Erth      #.......     93%         4
 Alistair's Intoxication  Tmut/Pois      #........    100%        5
 Lee's Rapid Deconstruct  Erth           #.........   100%        5
 Invisibility             Hex            #.......     100%        6


Dungeon Overview and Level Annotations

Branches:
Dungeon (9/15)             Temple (0/1) D:6            Lair (0/6) D:9
    Orc: D:9-12

Altars:
Elyvilon
Gozag
Trog
Vehumet
Xom
Yredelemnul

Shops:
D:4 ([

Annotations:
D:8 !erika jocob, Erica, Joseph


Innate Abilities, Weirdness & Mutations

You can breathe waves of freezing cold.
You can buffet flying creatures when you breathe cold.
Your icy white scales are hard. (AC +7)
You cannot fit into any form of body armour.
Your flesh is cold resistant. (rC+)
You are cold-blooded and may be slowed by cold attacks.


Message History

You feel strangely stable.
Your magical effects are unravelling.
You feel magically purged.
You are engulfed in dark miasma.
You are more poisoned.
You feel your flesh rotting away!
You feel ill.
You feel yourself speed up.
You feel extremely sick. The death drake bites you.
The death drake breathes miasma at you. The foul vapour engulfs you!
You are more poisoned.
You feel your flesh rotting away!
You feel ill.
You feel yourself slow down.
* * * LOW HITPOINT WARNING * * *
It was a potion of flight.
You feel very buoyant.
You fly up into the air.
You are engulfed in dark miasma.
You are more poisoned.
You feel as though you will be slow longer.
* * * LOW HITPOINT WARNING * * *
You die...

#..............#
######.........#
#...'.........#
#...#....###'##
#...#....#
#...#....#
#...#....#
#...#..?.#.
###@##........
#...k..........
#.......)...[..
..................
..................
$..................
.....##'####'#..
..... ... .# . ...
.. #


You could see a death drake (catching breath).

Vanquished Creatures
  A two-headed ogre (D:8)
  Grinder (D:5)
  An orc warrior (D:5)
  2 sky beasts (D:3)
  2 ogres
  2 centaurs
  A phantom (D:4)
  A big kobold (D:9)
  A bullfrog (D:7)
  A scorpion (D:7)
  3 killer bees (D:8)
  4 wights (D:8)
  A centaur zombie (D:5)
  A quasit (D:7)
  3 jellies
  3 orc priests
  4 iguanas
  4 orc wizards
  3 worker ants
  A killer bee zombie (D:9)
  A hound skeleton (D:6)
  2 howler monkey skeletons
  A worker ant zombie (D:8)
  4 gnolls (D:7)
  4 adders
  2 shadow imps
  2 white imps (D:7)
  3 ufetubi
  2 oozes
  4 worms
  3 dart slugs
  2 leopard geckos
  20 orcs
  2 ball pythons
  4 bats
  3 giant cockroaches
  5 goblins
  9 hobgoblins
  6 jackals
  A quokka (D:2)
  7 frilled lizards
  11 kobolds
  A leopard gecko skeleton (D:4)
  13 rats
152 creatures vanquished.

Vanquished Creatures (others)
  A worm (D:5)
  A leopard gecko (D:5)
2 creatures vanquished.

Grand Total: 154 creatures vanquished

Notes
Turn   | Place    | Note
-------+----------+-------------------------------------------
     0 | D:1      | tzalcoatl the Draconian Air Elementalist began the quest
                  | for the Orb.
     0 | D:1      | Reached XP level 1. HP: 14/14 MP: 3/3
   520 | D:1      | Reached XP level 2. HP: 18/20 MP: 0/5
   811 | D:1      | Learned a level 2 spell: Swiftness
  1204 | D:2      | Reached XP level 3. HP: 26/26 MP: 1/6
  2188 | D:3      | Noticed a sky beast
  2222 | D:3      | Killed a sky beast
  2222 | D:3      | Reached XP level 4. HP: 4/33 MP: 7/7
  2222 | D:3      | Reached XP level 5. HP: 5/38 MP: 8/8
  2933 | D:3      | Found a shimmering altar of Xom.
  2936 | D:3      | Found a white marble altar of Elyvilon.
  2941 | D:3      | Found a bloodstained altar of Trog.
  3096 | D:3      | Noticed a sky beast
  3111 | D:3      | Killed a sky beast
  3111 | D:3      | Reached XP level 6. HP: 29/45 MP: 9/9
  3626 | D:3      | Found a basalt altar of Yredelemnul.
  3926 | D:4      | Found Neemn's Antique Armour Shoppe.
  3935 | D:4      | Bought a runed cloak for 210 gold pieces
  4160 | D:4      | Found Ycau's Antique Weapon Emporium.
  4757 | D:5      | Entered Level 5 of the Dungeon
  4803 | D:5      | Noticed Grinder
  4854 | D:5      | Killed Grinder
  4854 | D:5      | Reached skill level 5 in Air Magic
  4854 | D:5      | Your scales start taking on an icy white colour.
  4854 | D:5      | Reached XP level 7. HP: 42/50 MP: 0/10
  4854 | D:5      | Gained mutation: Your flesh is cold resistant. (rC+) [White
                  | Draconian growth]
  5145 | D:5      | Reached skill level 5 in Stealth
  6039 | D:5      | Found a radiant altar of Vehumet.
  6044 | D:5      | Became a worshipper of Vehumet
  6834 | D:5      | Reached XP level 8. HP: 57/57 MP: 7/12
  7886 | D:6      | Found a staircase to the Ecumenical Temple.
  8157 | D:7      | Reached skill level 1 in Fighting
  8627 | D:7      | Reached * piety under Vehumet
  8627 | D:7      | Offered knowledge of Foxfire by Vehumet.
  8627 | D:7      | Reached skill level 5 in Dodging
  8683 | D:7      | Found an opulent altar of Gozag.
  8762 | D:7      | Reached skill level 5 in Conjurations
  9513 | D:8      | Noticed Joseph
 10787 | D:8      | Reached skill level 1 in Long Blades
 10881 | D:8      | Noticed Erica
 11265 | D:8      | Learned a level 3 spell: Static Discharge
 11267 | D:8      | Learned a level 1 spell: Apportation
 11269 | D:8      | Learned a level 1 spell: Foxfire
 11690 | D:8      | Reached XP level 9. HP: 69/69 MP: 5/15
 11833 | D:8      | Noticed a two-headed ogre
 11865 | D:8      | Killed a two-headed ogre
 11865 | D:8      | Reached skill level 1 in Evocations
 12255 | D:9      | Found a staircase to the Lair.
 12417 | D:9      | Learned a level 1 spell: Freeze
 12421 | D:9      | Learned a level 3 spell: Ozocubu's Armour
 12426 | D:9      | Learned a level 4 spell: Hailstorm
 12454 | D:9      | Noticed a two-headed ogre
 12852 | D:9      | Reached skill level 1 in Ice Magic
 12926 | D:9      | Noticed a death drake
 12926 | D:9      | a two-headed ogre changed into a death drake
 12931 | D:9      | HP: 2/68 [death drake] (16)]
 12931 | D:9      | Succumbed to a death drake's dark miasma

Illustrated notes

Levels and vault maps discovered:
D:1:      mrwooster_arrival_statue_3, layout_basic
D:2:      layout_rooms, st_stairs_5
D:3:      layout_loops_corners, lemuel_coloured_pillars_altar,
          grunt_temple_overflow_diamond
D:4:      layout_basic, serial_shops, shop, shop
D:5:      layout_layer_cave, fiery_altar_vehumet, uniq_grinder
D:6:      layout_cave_pools, minmay_temple_entry_waves, serial_column_ruins,
          column_ruins_hut, column_ruins_hut, column_ruins_grid_1,
          column_ruins_grid_1, column_ruins_columns_straight,
          column_ruins_columns_corner, water_maze_lemuel
D:7:      layout_basic, marbit_many_paths, st_stairs_10
D:8:      layout_rooms, uniq_erica, uniq_joseph
D:9:      layout_gridville, cheibriados_altar_1, lair_entry_dummy

Skill      XL: |  1  2  3  4  5  6  7  8  9 |
---------------+----------------------------+-----
Stealth        | 2 3 4 5 |  5.0
Dodging        | 2 3 4 5 |  5.1
Air Magic      | 4 5 6 |  6.0
Conjurations   | 2 4 6 |  6.4
Spellcasting   | 3 4 |  4.0
Fighting       | 3 4 |  4.0
Long Blades    | 2 3 |  3.4
Evocations     | 1 |  1.8
Ice Magic      | 1 |  1.0
Shields        | |  0.2

Action                   |  1- 3 |  4- 6 |  7- 9 || total
-------------------------+-------+-------+-------++-------
Melee: Dagger            |    38 |    43 |       ||    81
       Tailslap          |     4 |     3 |    25 ||    32
       Falchion          |       |     5 |   137 ||   142
Throw: Dart              |       |       |     4 ||     4
 Cast: Shock             |    81 |    78 |   207 ||   366
       Swiftness         |       |     1 |     6 ||     7
       Static Discharge  |       |       |    12 ||    12
       Apportation       |       |       |     1 ||     1
 Abil: Breathe Frost     |       |       |     9 ||     9
       Evoke Flight      |       |       |     2 ||     2
Evoke: Wand              |       |       |    15 ||    15
  Use: Scroll            |     8 |     1 |    14 ||    23
       Potion            |       |       |     5 ||     5
 Stab: Sleeping          |       |     3 |     2 ||     5
Armor: Skin              |     9 |    17 |   102 ||   128
Dodge: Dodged            |    29 |    35 |   176 ||   240
Block: Buckler           |       |       |     4 ||     4
       Rpst.: Falchion   |       |     1 |    49 ||    50

Table legend: (Time is in decaauts)
 A = Elapsed time spent in this place.
 B = Non-inter-level travel time spent in this place.
 C = Inter-level travel time spent in this place.
 D = Time resting spent in this place.
 E = Time spent auto-exploring this place.
 F = Levels seen in this place.
 G = Mean time per level.
                   A        B        C        D        E       F      G
               +--------+--------+--------+--------+--------+-----+--------+
         Total |  12962 |  12738 |    224 |   3704 |   6471 |   9 | 1440.2 |
       Dungeon |  12962 |  12738 |    224 |   3704 |   6471 |   9 | 1440.2 |
               +--------+--------+--------+--------+--------+-----+--------+

Top non-repeatable levels by time:
     D:7: 2853 daAuts
     D:5: 2086 daAuts
     D:3: 1681 daAuts
     D:8: 1293 daAuts
     D:2: 1181 daAuts
     D:1: 1089 daAuts
     D:6: 1034 daAuts
     D:4: 1013 daAuts
     D:9: 727 daAuts
